 Dungeon Crawl Stone Soup version 0.31.0-32-g396128a36d (webtiles) character file.

Game seed: 15673912615992648738

2527 erfael the Cleaver (level 9, -1/106 HPs)
             Began as a Minotaur Berserker on Apr 3, 2024.
             Was a Priest of Trog.
             Constricted to death by Erica (4 damage)
             ... on level 8 of the Dungeon on Apr 6, 2024.
             The game lasted 00:21:19 (6708 turns).

erfael the Cleaver (Minotaur Berserker)             Turns: 6708, Time: 00:21:21

Health: -1/106     AC: 13    Str: 26    XL:     9   Next: 29%
Magic:  8/8        EV:  7    Int:  4    God:    Trog [***...]
Gold:   213        SH:  0    Dex: 16    Spells: 8/8 levels left

rFire   . . .        q - +0 war axe
rCold   . . .        (no shield)
rNeg    . . .        a - +0 chain mail
rPois   .            (helmet restricted)
rElec   .            D - +2 cloak
rCorr   +            (no gloves)
SInv    .            d - +0 pair of boots
Will    ++...        (no amulet) Stlth
                     l - +6 ring of dexterity
HPRegen 1.37/turn    y - ring of resist corrosion
MPRegen 0.11/turn

%: no passive effects
@: berserking, lethally poisoned (-1 -> -2), strong-willed, regenerating,
constricted, very quick
A: horns 2, retaliatory headbutt
a: Renounce Religion, Berserk, Trog's Hand


You were on level 8 of the Dungeon.
You worshipped Trog.
Trog was most pleased with you.
You visited 1 branch of the dungeon, and saw 8 of its levels.

You collected 213 gold pieces.

Inventory:

Hand Weapons
 b - a +0 sling
 q - a +0 war axe (weapon)
Missiles
 g - 8 poisoned darts
 i - 50 stones (quivered)
Armour
 a - a +0 chain mail (worn)
 d - a +0 pair of boots (worn)
 D - a +2 cloak (worn)
Jewellery
 l - a +6 ring of dexterity (left hand)
 y - a ring of resist corrosion (right hand)
 C - a +6 ring of intelligence
Wands
 f - a wand of mindburst (19)
 r - a wand of flame (19)
 u - a wand of quicksilver (5)
Scrolls
 h - a scroll of revelation
 j - 3 scrolls of amnesia
 m - 4 scrolls of identify
 n - 2 scrolls of summoning
 s - a scroll of teleportation
 v - a scroll of enchant weapon
 A - a scroll of enchant armour
 E - a scroll of noise {unknown}
Potions
 c - a potion of haste {unknown}
 e - a potion of magic {unknown}
 k - 4 potions of curing
 o - 2 potions of lignification
 p - a potion of enlightenment {unknown}
 t - 2 potions of brilliance
 w - a potion of ambrosia {unknown}
 x - 2 potions of degeneration
 z - a potion of resistance {unknown}
 B - a potion of might {unknown}


   Skills:
 + Level 4.0 Fighting
 + Level 14.8 Axes
 + Level 3.0 Armour
 + Level 2.7 Dodging


You had 8 spell levels left.
You didn't know any spells.
Your spell library was empty.

Dungeon Overview and Level Annotations

Branches:
Dungeon (8/15)             Temple (0/1) D:7
   Lair: D:8-11

Altars:

Shops:
D:5 ?!

Annotations:
D:8 Erica


Innate Abilities, Weirdness & Mutations

You have a pair of horns on your head.
You reflexively headbutt those who attack you in melee.


Message History

You slash the water moccasin!
You kill the water moccasin!
Trog accepts your kill.
You feel sick.
Your Fighting skill increases to level 4!
Your Armour skill increases to level 3!
You feel sick.
You feel sick.
A centaur warrior comes into view. It is wielding a +0 war axe.
Your skin crawls.
You feel strong-willed.
You feel sick.
The centaur warrior shouts!
The centaur warrior throws a stone.
The stone hits you! Erica hits you but does no damage. Erica grabs you.
Erica constricts you.
The centaur warrior unwields a +0 war axe.
The centaur warrior wields a +0 orcbow.
The centaur warrior shoots an arrow.
The arrow hits you!
A red film seems to cover your vision as you go berserk!
You feel yourself moving faster!
You feel mighty!
You feel sick. Erica hits you with a +0 great sword! Erica constricts you.
The centaur warrior shoots an arrow.
The arrow hits you!
* * * LOW HITPOINT WARNING * * *
You hear a shout!
You barely miss Erica. Your headbutt misses Erica.
You feel sick. Erica closely misses you. Erica constricts you.
The centaur warrior shoots an arrow.
The arrow hits you!
* * * LOW HITPOINT WARNING * * *
You closely miss Erica. You headbutt Erica!!
Erica is moderately wounded.
Okay, then.
You miss Erica.
Erica is moderately wounded.
You feel sick.
The centaur warrior throws a stone.
The stone hits you.
* * * LOW HITPOINT WARNING * * *
Erica hits you with a +0 great sword!
* * * LOW HITPOINT WARNING * * *
Erica constricts you.
You die...
Erica begins burbling mirthfully and uncontrollably.

...........#..##........##
.>#.......#####...#...###
##..............##..##
#....##.........#..##
##....#........)....###
................<.....#
.....##..........†...##
..#.. ##...##.........##
#### #...x@..).......#
#...###.........#
###.............# .#
#...........#### ...
###......c...#.## ...#
#.............## .....
#..............#
.....##.....#.........#
[..........##.........#


You could see Erica and a centaur warrior.

Vanquished Creatures
  Maurice (D:7)
  Sigmund (D:2)
  A water moccasin (D:8)
  2 sky beasts
  A black bear (D:5)
  An ice beast (D:6)
  2 centaurs
  An ogre (D:6)
  2 phantoms (D:6)
  A scorpion (D:6)
  2 bullfrogs
  4 killer bees (D:7)
  A howler monkey (D:4)
  2 jellies
  2 orc priests (D:3)
  A hound (D:5)
  4 iguanas
  2 sleepcaps
  9 orc wizards
  Robin (D:2)
  8 adders
  A shadow imp (D:5)
  2 white imps (D:7)
  2 ufetubi (D:6)
  2 dart slugs
  4 ribbon worms
  14 orcs
  6 ball pythons
  2 endoplasms (D:2)
  7 giant cockroaches
  10 goblins
  4 hobgoblins
  4 jackals (D:1)
  2 quokkas
  4 bats
  2 frilled lizards (D:1)
  7 kobolds
  4 rats
126 creatures vanquished.

Vanquished Creatures (others)
  A kobold (D:8)
1 creature vanquished.

Grand Total: 127 creatures vanquished

Notes
Turn   | Place    | Note
-------+----------+-------------------------------------------
     0 | D:1      | erfael the Minotaur Berserker began the quest for the Orb.
     0 | D:1      | Reached XP level 1. HP: 19/19 MP: 0/0
   196 | D:1      | Reached skill level 4 in Axes
   251 | D:1      | Reached XP level 2. HP: 26/26 MP: 1/1
   379 | D:1      | Reached skill level 5 in Axes
   424 | D:1      | Found a faded altar of an unknown god.
   478 | D:1      | Reached XP level 3. HP: 31/31 MP: 2/2
   747 | D:2      | Noticed Sigmund
   764 | D:2      | Killed Sigmund
   765 | D:2      | Reached skill level 7 in Axes
   765 | D:2      | Reached XP level 4. HP: 39/39 MP: 3/3
   765 | D:2      | Reached XP level 5. HP: 45/45 MP: 4/4
   964 | D:2      | Noticed Robin
   986 | D:2      | Killed Robin
   991 | D:2      | Reached ** piety under Trog
  1155 | D:2      | Reached skill level 8 in Axes
  1609 | D:3      | Reached XP level 6. HP: 50/51 MP: 5/5
  1842 | D:3      | You fall into a shaft and drop 2 floors!
  1842 | D:5      | Entered Level 5 of the Dungeon
  2055 | D:3      | Reached skill level 9 in Axes
  2731 | D:4      | Reached XP level 7. HP: 52/57 MP: 6/6
  3357 | D:5      | Reached skill level 10 in Axes
  3489 | D:5      | Found Faevics's Distillery.
  3869 | D:5      | Reached skill level 11 in Axes
  3966 | D:5      | Found Pituexto's Magic Scroll Boutique.
  4370 | D:6      | Reached XP level 8. HP: 49/64 MP: 7/7
  4572 | D:6      | Reached skill level 12 in Axes
  4708 | D:6      | Reached *** piety under Trog
  5203 | D:7      | Reached skill level 13 in Axes
  5818 | D:7      | Found a staircase to the Ecumenical Temple.
  5831 | D:7      | Reached skill level 14 in Axes
  6010 | D:7      | Noticed Maurice
  6029 | D:7      | Maurice stole a +6 ring of intelligence
  6033 | D:7      | Maurice stole 50 stones
  6036 | D:7      | Killed Maurice
  6037 | D:7      | Reached XP level 9. HP: 21/70 MP: 0/8
  6375 | D:8      | Noticed Erica
  6688 | D:8      | Noticed a two-headed ogre
  6703 | D:8      | Noticed a centaur warrior
  6708 | D:8      | HP: 3/106 [Erica/+0 great sword (7)]
  6708 | D:8      | Constricted to death by Erica

Illustrated notes

Levels and vault maps discovered:
D:1:      minmay_arrival_doors, layout_rooms,
          dilly_ecumenical_altar_fadedgnrine, minmay_worlds_worst_comb
D:2:      layout_basic, corexii_hall_statues_i, uniq_robin, uniq_sigmund
D:3:      layout_loops_ring, nicolae_houndstooth_variations
D:4:      layout_loops_ring, minmay_a_box_with_orc_wizards_in_it
D:5:      layout_cave_pods, serial_shops, nicolae_shop_rolled_up,
          nicolae_take_the_stairs, serial_bayou_pond_d,
          minmay_stone_trees_large, mrwooster_statue_mirror
D:6:      layout_gridville
D:7:      layout_gridville, temple_pool_b, uniq_maurice
D:8:      minmay_bloctagon, layout_cave_pools, uniq_erica

Skill      XL: |  1  2  3  4  5  6  7  8  9 |
---------------+----------------------------+-----
Axes           | 4 5 7 8 9 11 14 | 14.8
Fighting       | 4 |  4.0
Armour         | 3 |  3.0
Dodging        | |  2.7

Action                     |  1- 3 |  4- 6 |  7- 9 || total
---------------------------+-------+-------+-------++-------
  Melee: Hand axe          |    53 |    97 |       ||   150
         Headbutt          |    11 |    20 |    37 ||    68
         Punch             |       |     2 |     1 ||     3
         War axe           |       |    28 |   188 ||   216
  Throw: Stone             |       |     3 |       ||     3
 Invoke: Berserk           |     1 |       |     1 ||     2
         Trog's Hand       |       |       |     1 ||     1
    Use: Scroll            |     1 |     2 |     7 ||    10
 Armour: Animal skin       |     8 |       |       ||     8
         Ring mail         |    16 |       |       ||    16
         Scale mail        |     1 |    66 |       ||    67
         Chain mail        |       |    18 |   171 ||   189
  Dodge: Dodged            |    36 |    46 |    93 ||   175
